[Event "14. Deizisauer Herbstopen 2019"]
[Site "Deizisau"]
[Date "2019.10.26"]
[Round "3.7"]
[White "Mock, Oskar"]
[Black "Gheng, Josef"]
[Result "0-1"]
[ECO "B23"]
[WhiteElo "1983"]
[BlackElo "2190"]
[Annotator "NA"]
[PlyCount "188"]
[EventDate "2019.10.25"]
[EventType "swiss"]
[EventCountry "GER"]
[SourceTitle "playchess.com"]
[Source "ChessBase"]
[SourceQuality "1"]
[TimeControl "5400+30"]

1. e4 c5 2. Nc3 Nc6 3. f4 a6 4. Nf3 b5 5. a4 b4 6. Nd5 e6 7. Ne3 d5 8. exd5 exd5 9. d4 Nf6 10. Be2 Bd6 11. O-O O-O 12. Kh1 Re8 13. c4 bxc3 14. bxc3 Rb8 15. Ne5 Na5 16. Bh5 Re7 17. Bf3 cxd4 18. cxd4 Bb4 19. Rb1 Reb7 20. Qd3 Bf8 21. Rxb7 Bxb7 22. Bd1 Qb6 23. Bc2 Rd8 24. Bd2 Ne4 25. Rb1 Qxb1+ 26. Bxb1 Nf2+ 27. Kg1 Nxd3 28. Bxa5 Re8 29. Bxd3 f6 30. N5g4 Bc6 31. Nf5 Kf7 32. Bc7 h5 33. Nh4 Rc8 34. Ne5+ fxe5 35. Bxe5 Bxa4 36. Bxa6 Rc1+ 37. Kf2 Rc2+ 38. Kg3 Be7 39. Nf3 h4+ 40. Nxh4 Bxh4+ 41. Kxh4 Rxg2 42. f5 Bc2 43. Bc8 Be4 44. Be6+ Ke7 45. Bf4 Bf3 46. Bg5+ Kf8 47. h3 Ke8 48. Bc8 Rc2 49. Be6 Rg2 50. Bc8 Kf7 51. Be6+ Kf8 52. Bf4 Rg1 53. Bh2 g5+ 54. fxg6 Rxg6 55. Bg4 Bxg4 56. hxg4 Rh6+ 57. Kg3 Kf7 58. Kg2 Rh4 59. Kg3 Rh8 60. Kg2 Rc8 61. Bf4 Kg6 62. Kf3 Rf8 63. Kg3 Re8 64. Kf3 Re4 65. Be3 Kf7 66. Bf2 Kf6 67. Bg1 Kg5 68. Be3+ Kh4 69. Bf2+ Kh3 70. g5 Rg4 71. Be3 Kh4 72. Kf2 Kh5 73. Kf3 Re4 74. Kf2 Kg6 75. Ke2 Kf5 76. Kf3 Rg4 77. g6 Rxg6 78. Bf4 Rb6 79. Be5 Rb3+ 80. Ke2 Ke4 81. Kd2 Rb2+ 82. Kc3 Ra2 83. Bh8 Ra4 84. Kc2 Ke3 85. Be5 Rc4+ 86. Kd1 Kd3 87. Bf6 Rc6 88. Be5 Ke3 89. Bg7 Kd3 90. Be5 Ra6 91. Kc1 Ra2 92. Bf6 Rc2+ 93. Kb1 Kc3 94. Be5 Kb3 0-1

[Event "14. Deizisauer Herbstopen 2019"]
[Site "Deizisau"]
[Date "2019.10.26"]
[Round "3.8"]
[White "Noppes, Marina"]
[Black "Doering, Stefan"]
[Result "0-1"]
[ECO "D02"]
[WhiteElo "1973"]
[BlackElo "2025"]
[Annotator "NA"]
[PlyCount "58"]
[EventDate "2019.10.25"]
[EventType "swiss"]
[EventCountry "GER"]
[SourceTitle "playchess.com"]
[Source "ChessBase"]
[SourceQuality "1"]
[TimeControl "5400+30"]

1. d4 d5 2. Nf3 Nf6 3. c4 e6 4. g3 dxc4 5. Qa4+ Nbd7 6. Bg2 a6 7. Qxc4 b5 8. Qc2 Bb7 9. Bf4 Rc8 10. Nbd2 c5 11. dxc5 Bxc5 12. Qd1 e5 13. Be3 Bxe3 14. fxe3 Qb6 15. Nf1 O-O 16. h3 Rfd8 17. Kf2 Nc5 18. Qe1 Nce4+ 19. Kg1 Qc5 20. Kh2 Qc2 21. Nxe5 Qxb2 22. Nd3 Qc2 23. Nb4 Qa4 24. a3 Qb3 25. Nd3 Rc2 26. Rg1 Qe6 27. Nb4 Ng4+ 28. hxg4 Qh6+ 29. Bh3 Ng5 0-1

[Event "14. Deizisauer Herbstopen 2019"]
[Site "Deizisau"]
[Date "2019.10.26"]
[Round "3.9"]
[White "Coellen, Florian"]
[Black "Hottes, Dieter"]
[Result "1-0"]
[ECO "E61"]
[WhiteElo "1873"]
[BlackElo "2037"]
[Annotator "NA"]
[PlyCount "83"]
[EventDate "2019.10.25"]
[EventType "swiss"]
[EventCountry "GER"]
[SourceTitle "playchess.com"]
[Source "ChessBase"]
[SourceQuality "1"]
[TimeControl "5400+30"]

1. d4 Nf6 2. c4 g6 3. Nc3 Bg7 4. h4 d6 5. e4 e5 6. d5 c5 7. Be2 h6 8. Be3 Na6 9. g4 Bd7 10. g5 Ng8 11. gxh6 Bxh6 12. Bxh6 Rxh6 13. h5 Qf6 14. Qd2 O-O-O 15. Qe3 gxh5 16. Rxh5 Rxh5 17. Bxh5 Ne7 18. O-O-O Rh8 19. Be2 Ng6 20. Nb5 Kb8 21. Kb1 Nc7 22. Nc3 Rh2 23. Nf3 Rh3 24. Rg1 a6 25. Rg3 Rh1+ 26. Kc2 Rh8 27. Qg5 Qxg5 28. Nxg5 Rh2 29. Nxf7 Nf4 30. Nxd6 Rxf2 31. Kd2 b5 32. Ke3 Rh2 33. Rg8+ Ka7 34. Rg7 b4 35. Rxd7 bxc3 36. Rxc7+ Ka8 37. bxc3 Rxe2+ 38. Kf3 Rxa2 39. Rxc5 Rh2 40. Nf7 Rh3+ 41. Kg4 Rxc3 42. Nxe5 1-0

[Event "14. Deizisauer Herbstopen 2019"]
[Site "Deizisau"]
[Date "2019.10.27"]
[Round "4.1"]
[White "Hoffmann, Achim Gunter"]
[Black "Dgebuadze, Alexandre"]
[Result "0-1"]
[ECO "C01"]
[WhiteElo "2125"]
[BlackElo "2472"]
[Annotator "ChessBase"]
[PlyCount "76"]
[EventDate "2019.10.25"]
[EventType "swiss"]
[EventCountry "GER"]
[SourceTitle "playchess.com"]
[Source "ChessBase"]
[SourceQuality "1"]
[TimeControl "5400+30"]

1. e4 e6 2. d4 d5 3. exd5 exd5 4. Bd3 Nf6 5. Nf3 c5 6. dxc5 Bxc5 7. O-O O-O 8. c3 Nc6 9. Bg5 h6 10. Bh4 g5 11. Bg3 Ne4 12. b4 Bb6 13. b5 Ne7 14. Be5 Ng6 15. Bd4 Bg4 16. Qc2 Bxf3 17. gxf3 Bxd4 18. fxe4 Be5 19. exd5 Nf4 20. Be4 Rc8 21. a4 Qf6 22. Ra3 Bd6 23. c4 Bxa3 24. Nxa3 Rfe8 25. c5 Qd4 26. Bh7+ Kg7 27. c6 Qxd5 28. f3 bxc6 29. Be4 Qd4+ 30. Kh1 cxb5 31. Nxb5 Qe5 32. Qf2 a6 33. Nd4 Qf6 34. Nf5+ Kh8 35. Rd1 Red8 36. Qf1 Rxd1 37. Qxd1 Qb2 38. Bc2 Rxc2 0-1

[Event "14. Deizisauer Herbstopen 2019"]
[Site "Deizisau"]
[Date "2019.10.27"]
[Round "4.2"]
[White "Krassowizkij, Jaroslaw"]
[Black "Frolik, Erhard"]
[Result "1-0"]
[ECO "A22"]
[WhiteElo "2436"]
[BlackElo "2317"]
[Annotator "NA"]
[PlyCount "83"]
[EventDate "2019.10.25"]
[EventType "swiss"]
[EventCountry "GER"]
[SourceTitle "playchess.com"]
[Source "ChessBase"]
[SourceQuality "1"]
[TimeControl "5400+30"]

1. c4 e5 2. g3 Nf6 3. Nc3 Bb4 4. Bg2 Bxc3 5. dxc3 d6 (5... O-O 6. Nf3 d6 7. O-O h6 8. Nd2 Nc6 9. e4 Be6 10. Qe2 Qd7 11. Re1 Bh3 12. Nf1 Bxg2 13. Kxg2 {1-0 (58) Harika,D (2514)-Bologan,V (2654) Almaty 2016}) 6. e4 {[%emt 0:01:27] A22: English Opening: 1...e5 2 Nc3 Nf6} Nc6 7. h3 Be6 8. b3 a5 $146 ({Predecessor:} 8... O-O 9. Ne2 a5 10. a4 Nd7 11. g4 Nc5 12. Ng3 Ra6 13. Be3 {1-0 (37) Skomorohov,G (2180)-Ruchkin,I (2053) Lipetsk 2007}) 9. a4 Nd7 10. Ne2 Nc5 11. Be3 b6 12. f4 f6 13. Nd4 Bd7 14. Nb5 Be6 15. Qc2 Na7 16. Na3 Bd7 17. f5 Nc6 18. g4 Qe7 19. h4 h6 20. O-O-O O-O-O 21. Kb2 Rdg8 22. Bf3 Nd8 23. Nb5 Kb8 24. Rdg1 Nf7 25. Ka2 g6 26. b4 Nb7 27. Rb1 Bc6 28. Qf2 g5 $18 (28... gxf5 $14 29. gxf5 (29. exf5 Bxf3 30. Qxf3 e4 $11) 29... Nfd8) 29. bxa5 bxa5 30. Rb3 Nfd8 31. h5 Be8 32. Qb2 c5 33. Nxd6 Qxd6 34. Rd1 Qc6 35. Rxd8+ Kc7 36. Rd5 Qxa4+ 37. Kb1 Bc6 38. Bd1 Rb8 39. Rxb7+ Rxb7 40. Bxa4 Rxb2+ 41. Kxb2 Bxa4 42. Bxc5 1-0

[Event "14. Deizisauer Herbstopen 2019"]
[Site "Deizisau"]
[Date "2019.10.27"]
[Round "4.3"]
[White "Doering, Stefan"]
[Black "Gustain, Marc"]
[Result "1/2-1/2"]
[ECO "B28"]
[WhiteElo "2025"]
[BlackElo "2179"]
[Annotator "NA"]
[PlyCount "90"]
[EventDate "2019.10.25"]
[EventType "swiss"]
[EventCountry "GER"]
[SourceTitle "playchess.com"]
[Source "ChessBase"]
[SourceQuality "1"]
[TimeControl "5400+30"]

1. e4 c5 2. Nf3 a6 3. c4 d6 4. d4 Bg4 5. dxc5 Bxf3 6. Qxf3 {[%emt 0:00:35] B28: Sicilian: 2 Nf3 a6 (O'Kelly Variation)} (6. gxf3 e6 7. cxd6 Bxd6 8. f4 Nc6 9. Be3 Qc7 10. e5 Bb4+ 11. Nc3 Nge7 12. Qc2 Qa5 13. a3 {½-½ (45) Nestorovic,N (2473)-Ivanisevic,I (2611) Belgrade 2019}) 6... dxc5 7. Qb3 Qc8 $146 ({Predecessor:} 7... Nc6 $11 8. Be3 e6 9. Be2 Be7 10. O-O Qc7 11. Rd1 Nf6 12. Nc3 O-O 13. Na4 {0-1 (29) De Filomeno,S (2250)-Bonafede,A (2280) Bratto 2010}) 8. Nc3 e6 9. Be3 Nf6 10. f3 Be7 11. Bd3 Nc6 12. Na4 Nd7 13. Nb6 Nxb6 14. Qxb6 Ne5 15. Be2 O-O 16. Rd1 Nd7 17. Qb3 Qc7 18. O-O Rad8 19. f4 Nb8 20. Bf3 Nc6 21. e5 g6 22. Bf2 h6 23. Be4 Kg7 24. Kh1 Rxd1 25. Rxd1 Rd8 26. Rxd8 Nxd8 27. Qd3 Nc6 28. h3 Nb4 29. Qb3 Qd7 30. a3 Nc6 31. Qd3 Qxd3 32. Bxd3 b6 33. Be4 Na5 34. Bd3 $11 f6 35. Be1 fxe5 36. Bxa5 bxa5 37. fxe5 Bg5 38. a4 Bf4 39. b3 Bxe5 40. Kg1 Bd4+ 41. Kf1 Kf6 42. Ke2 g5 43. Be4 Ke5 44. Bf3 Kf4 45. Kd3 e5 {[%emt 0:02:30] Ke4+} 1/2-1/2

[Event "14. Deizisauer Herbstopen 2019"]
[Site "Deizisau"]
[Date "2019.10.27"]
[Round "4.4"]
[White "Gheng, Josef"]
[Black "Bueble, Joschua"]
[Result "1-0"]
[ECO "A14"]
[WhiteElo "2190"]
[BlackElo "1720"]
[Annotator "RC"]
[PlyCount "113"]
[EventDate "2019.10.25"]
[EventType "swiss"]
[EventCountry "GER"]
[SourceTitle "playchess.com"]
[Source "ChessBase"]
[SourceQuality "1"]
[TimeControl "5400+30"]

1. c4 Nf6 2. g3 e6 3. Bg2 d5 4. Nf3 Be7 5. O-O O-O 6. d4 dxc4 7. Qc2 a6 8. Rd1 Bd7 9. Ne5 Bc6 10. Nxc6 Nxc6 11. Qxc4 Na5 12. Qa4 c5 13. dxc5 Qc7 14. Be3 Rac8 15. b4 Nc4 16. Bd4 Rfd8 17. Na3 Nxa3 18. Qxa3 a5 19. Qxa5 Qxa5 20. bxa5 Rc7 21. c6 bxc6 22. Bb6 Rxd1+ 23. Rxd1 Rc8 24. e4 Ra8 25. f3 Kf8 26. Bf1 Ke8 27. a6 Nd7 28. Bf2 Nc5 29. Bxc5 Bxc5+ 30. Kg2 Ba7 31. e5 Rd8 32. Bd3 Rb8 33. Rd2 c5 34. a4 Ke7 35. Bb5 Rd8 36. Rc2 Rd4 37. Bc4 Rd8 38. Rb2 Rb8 39. Rb5 f6 40. f4 g5 41. exf6+ Kxf6 42. fxg5+ Kf5 43. Bd3+ Kxg5 44. Bxh7 Rxb5 45. axb5 c4 46. Kf3 Kf6 47. h4 Ke5 48. g4 c3 49. g5 Bd4 50. Bd3 Kd6 51. h5 Ke7 52. Ke4 Bc5 53. h6 Kf7 54. Ke5 Bf2 55. g6+ Ke7 56. g7 Kf7 57. Bh7 1-0

[Event "14. Deizisauer Herbstopen 2019"]
[Site "Deizisau"]
[Date "2019.10.27"]
[Round "4.5"]
[White "Valkova, Anzhelika"]
[Black "Coellen, Florian"]
[Result "1-0"]
[ECO "E32"]
[WhiteElo "1947"]
[BlackElo "1873"]
[Annotator "NA"]
[PlyCount "127"]
[EventDate "2019.10.25"]
[EventType "swiss"]
[EventCountry "GER"]
[SourceTitle "playchess.com"]
[Source "ChessBase"]
[SourceQuality "1"]
[TimeControl "5400+30"]

1. d4 Nf6 2. c4 e6 3. Nc3 Bb4 4. Qc2 O-O 5. e4 d5 6. cxd5 exd5 7. e5 Ne4 8. a3 Bxc3+ 9. bxc3 c5 10. Bd3 Nc6 11. Ne2 Bf5 12. f3 c4 13. Bxe4 dxe4 14. fxe4 Qh4+ 15. Ng3 Bg6 16. O-O Rad8 17. a4 $18 Rfe8 18. Qe2 Rc8 19. Rf4 Qd8 20. Qf2 Qa5 21. h4 h5 22. Qf3 Rc7 23. Nf5 Rd7 24. Nd6 Nxe5 25. dxe5 Rxe5 26. Nf5 Rd3 27. Qf2 Bxf5 28. Rxf5 Rxf5 29. exf5 Rd1+ 30. Kh2 Rd5 31. f6 Rf5 32. Qd4 Qc7+ 33. Kg1 Rxf6 34. Bg5 Rd6 35. Qxa7 Rd3 36. Rb1 Qc6 37. Qb8+ Kh7 38. Qxb7 Qc5+ 39. Kh1 Qf5 40. Qb5 Qe4 41. Qb7 Qf5 42. Qb5 Qe4 43. Rf1 f6 44. Bf4 Rh3+ 45. Bh2 Rxc3 46. Qf5+ Qxf5 47. Rxf5 Rc1+ 48. Bg1 Kg6 49. Rc5 c3 50. a5 c2 51. Kh2 Ra1 52. Be3 Ra2 53. Bd2 f5 54. Rc6+ Kf7 55. a6 Ke8 56. Bf4 Kd8 57. Kg3 Ra3+ 58. Kf2 Ra4 59. g3 Kd7 60. Rd6+ Ke7 61. Rc6 Kd7 62. Rxc2 Rxa6 63. Rc7+ Ke8 64. Rxg7 1-0

[Event "14. Deizisauer Herbstopen 2019"]
[Site "Deizisau"]
[Date "2019.10.27"]
[Round "4.6"]
[White "Reck, Moritz"]
[Black "Lehmann, Stefan"]
[Result "0-1"]
[ECO "A00"]
[WhiteElo "2141"]
[BlackElo "1999"]
[Annotator "NA"]
[PlyCount "96"]
[EventDate "2019.10.25"]
[EventType "swiss"]
[EventCountry "GER"]
[SourceTitle "playchess.com"]
[Source "ChessBase"]
[SourceQuality "1"]
[TimeControl "5400+30"]

1. g3 e5 2. Bg2 Nf6 3. Nc3 d5 4. d3 Nc6 5. Bg5 Be6 6. e4 dxe4 7. Nxe4 Be7 8. Bxf6 gxf6 9. Nf3 f5 10. Nc3 Qd7 11. O-O O-O-O 12. Qe2 f6 $17 13. Rfe1 f4 14. Rad1 fxg3 15. fxg3 Bc5+ 16. Kh1 Bg4 17. Ne4 Be7 18. c3 Rhe8 19. Nf2 h5 20. h3 Bf5 21. Nh4 Be6 22. d4 Bd5 23. dxe5 Bxg2+ 24. Kxg2 Bd6 25. Qxh5 Rxe5 26. Rxe5 Nxe5 27. Qf5 Nc4 28. Ng4 Nxb2 29. Rd2 Nc4 30. Rd4 b5 31. Nxf6 Ne3+ 32. Kf3 Nxf5 33. Nxd7 Nxd4+ 34. cxd4 Kxd7 35. Nf5 Rf8 36. g4 b4 37. Ke4 c6 38. h4 a5 39. h5 Rg8 40. Nh6 Re8+ 41. Kf5 a4 42. g5 b3 43. axb3 axb3 44. Ng4 Rf8+ 45. Nf6+ Ke7 46. Kg6 b2 47. Kg7 Rf7+ 48. Kh8 Rxf6 0-1

[Event "14. Deizisauer Herbstopen 2019"]
[Site "Deizisau"]
[Date "2019.10.27"]
[Round "4.7"]
[White "Heck, Nils"]
[Black "Marquardt, Alexander"]
[Result "1/2-1/2"]
[ECO "E81"]
[WhiteElo "1999"]
[BlackElo "2125"]
[Annotator "NA"]
[PlyCount "114"]
[EventDate "2019.10.25"]
[EventType "swiss"]
[EventCountry "GER"]
[SourceTitle "playchess.com"]
[Source "ChessBase"]
[SourceQuality "1"]
[TimeControl "5400+30"]

1. d4 Nf6 2. c4 g6 3. f3 Bg7 4. e4 d6 5. Nc3 O-O 6. Be3 Nbd7 7. Nge2 e5 8. Qd2 a6 9. d5 Ne8 10. g4 f5 11. gxf5 gxf5 12. Bg5 (12. exf5 $16 Rxf5 13. Rg1) 12... Ndf6 {[%emt 0:05:02] [#]} (12... Bf6 $14) 13. h4 (13. exf5 $1 $18 Bxf5 14. h4) 13... f4 14. h5 h6 15. Bh4 Qe7 16. Nc1 Qf7 17. Nb3 Nxh5 18. O-O-O $11 ({Don't play} 18. Rg1 Kh8 $11) 18... b6 19. Bh3 Bxh3 20. Rxh3 Nhf6 21. Qh2 Qd7 22. Rg1 Rf7 23. Bxf6 Rxf6 24. Rxh6 Rxh6 25. Qxh6 Kf8 26. Qg6 Qf7 27. Qg5 Bf6 28. Qh6+ Ke7 29. c5 Ng7 30. c6 Nh5 31. Ne2 Rh8 32. Qg6 Qxg6 33. Rxg6 Kf7 34. Rg1 Ng7 35. Nd2 Rh2 36. Kd1 Bh4 37. Nc4 Ne8 38. Nd2 Bf2 39. Rg5 Be3 40. Nc4 Rh1+ 41. Kc2 Bc5 42. Rf5+ Ke7 43. Nxe5 dxe5 44. Rxe5+ Kf7 45. Rf5+ Kg8 46. Nxf4 Ng7 47. Rg5 Be3 48. Rg4 Bxf4 49. Rxf4 Ne8 50. e5 Re1 51. Rf5 Re2+ 52. Kc3 Kg7 53. f4 Rg2 54. a4 Rg1 55. Kc2 Rg2+ 56. Kc3 Rg1 57. Kc2 Rg2+ 1/2-1/2

[Event "14. Deizisauer Herbstopen 2019"]
[Site "Deizisau"]
[Date "2019.10.27"]
[Round "4.8"]
[White "Engbrecht, Helmut"]
[Black "Reimche, Vadim"]
[Result "1/2-1/2"]
[ECO "B24"]
[WhiteElo "1978"]
[BlackElo "2080"]
[Annotator "NA"]
[PlyCount "105"]
[EventDate "2019.10.25"]
[EventType "swiss"]
[EventCountry "GER"]
[SourceTitle "playchess.com"]
[Source "ChessBase"]
[SourceQuality "1"]
[TimeControl "5400+30"]

1. e4 c5 2. Nc3 Nc6 3. Nf3 Nf6 4. Bb5 d5 (4... Nd4 5. e5 Nxb5 6. Nxb5 Nd5 7. Ng5 f6 8. Ne4 f5 9. Nbc3 Nxc3 10. Nxc3 d6 11. O-O dxe5 12. Qe2 e6 13. Qxe5 Qd6 14. Qe2 Be7 15. b3 O-O {1-0 (52) Caruana,F (2819)-Carlsen,M (2875) Stavanger 2019}) 5. e5 d4 6. exf6 {[%emt 0:03:48] B30: Sicilian: 2...Nc6 3 Bb5, lines without ...g6} dxc3 7. fxg7 cxd2+ 8. Qxd2 Qxd2+ 9. Bxd2 Bxg7 10. c3 $146 ({Predecessor:} 10. O-O-O Bd7 11. Rhe1 Rd8 12. Bg5 {1-0 (34) Bujdak,P (1935)-Schalkwijk,P (1722) Chessfriend.com 2003}) 10... Bd7 11. Be3 b6 12. O-O-O Ne5 13. Bxd7+ Nxd7 14. Bf4 O-O-O 15. Rhe1 Rhe8 16. Kc2 e5 17. Bg3 f6 18. Rd5 Nf8 19. Red1 Ng6 20. Nh4 Ne7 21. Rxd8+ $11 Rxd8 22. Rxd8+ Kxd8 23. f3 Kd7 24. Kd3 Ke6 25. Bf2 h5 26. Be3 f5 27. g3 Nc8 28. b4 cxb4 29. cxb4 Nd6 30. a4 Kd5 31. a5 bxa5 32. bxa5 a6 33. Bb6 e4+ 34. fxe4+ fxe4+ 35. Ke2 Bd4 36. Bd8 Kc4 37. Ng6 Nb5 38. Nf4 Nc3+ 39. Ke1 Nd5 40. Nxh5 Kd3 41. g4 Bc3+ 42. Kf1 Be5 43. Ng3 Bxg3 44. hxg3 e3 45. Bg5 e2+ 46. Kf2 Nb4 47. Bf6 Nc2 48. Bc3 Kxc3 49. Kxe2 Kd4 50. g5 Ke5 51. Kd3 Na3 52. g6 Kf6 53. Kd4 1/2-1/2

[Event "14. Deizisauer Herbstopen 2019"]
[Site "Deizisau"]
[Date "2019.10.27"]
[Round "4.9"]
[White "Kraft, Julian"]
[Black "Doeserich, Juergen"]
[Result "1-0"]
[ECO "A36"]
[WhiteElo "2062"]
[BlackElo "1975"]
[Annotator "NA RC"]
[PlyCount "61"]
[EventDate "2019.10.25"]
[EventType "swiss"]
[EventCountry "GER"]
[SourceTitle "playchess.com"]
[Source "ChessBase"]
[SourceQuality "1"]
[TimeControl "5400+30"]

1. c4 c5 2. Nc3 Nc6 3. g3 g6 4. Bg2 Bg7 5. d3 e6 6. e4 Nge7 7. Nge2 O-O 8. h4 h6 9. Be3 Nd4 10. Qd2 Kh7 11. f4 d6 {[%emt 0:01:41] [#]} (11... d5 $14) 12. h5 $16 Nec6 13. hxg6+ fxg6 14. f5 Ne5 15. Ng1 Ng4 16. fxg6+ Kxg6 17. O-O-O Nxe3 18. Qxe3 Qg5 19. Qxg5+ hxg5 20. e5 Bxe5 21. Be4+ Kg7 22. Rh7+ Kg8 23. Rh5 Rf2 24. Rxg5+ Kf7 25. Nh3 Ne2+ 26. Nxe2 Rxe2 27. Rf1+ Ke7 28. Rh5 Kd8 29. Rh7 Bd7 30. Rf8+ Be8 31. Bg6 1-0

[Event "14. Deizisauer Herbstopen 2019"]
[Site "Deizisau"]
[Date "2019.10.27"]
[Round "5.2"]
[White "Gustain, Marc"]
[Black "Gheng, Josef"]
[Result "0-1"]
[ECO "C24"]
[WhiteElo "2179"]
[BlackElo "2190"]
[Annotator "NA"]
[PlyCount "106"]
[EventDate "2019.10.25"]
[EventType "swiss"]
[EventCountry "GER"]
[SourceTitle "playchess.com"]
[Source "ChessBase"]
[SourceQuality "1"]
[TimeControl "5400+30"]

1. e4 e5 2. Bc4 Nf6 3. d4 exd4 4. Nf3 Bc5 5. e5 d5 6. exf6 dxc4 7. fxg7 Rg8 8. Qe2+ Qe7 9. Qxe7+ Kxe7 10. Bh6 a5 11. Nbd2 Ra6 12. Bf4 Re6+ 13. Kf1 c3 14. bxc3 dxc3 15. Nb3 Bb6 16. Nbd4 Re4 17. Re1 Rxe1+ 18. Kxe1 Rxg7 19. Nb5 Na6 20. Nxc3 Be6 21. a3 f6 22. g3 Bc5 23. Bc1 Rg4 24. Bb2 Kf7 25. h3 Rg8 26. Ne4 Bd5 27. Ned2 Rd8 28. Rg1 b5 29. g4 b4 30. a4 b3 31. c3 Bc6 32. g5 Be7 33. Nd4 Bxa4 34. gxf6 Bxf6 35. N4xb3 Rb8 36. Nxa5 Rxb2 37. Rg4 Bd7 38. Rf4 Nc5 39. Ke2 Kg6 40. Nac4 Rc2 41. Ne3 Ra2 42. Nd5 Rxd2+ 43. Kxd2 Bg5 44. Ke2 Bxf4 45. Nxf4+ Kf5 46. Ke3 Ke5 47. h4 Bg4 48. f3 Bf5 49. Ne2 Ne6 50. c4 c5 51. f4+ Kf6 52. Nc3 Bc2 53. Nd5+ Kf5 0-1

[Event "14. Deizisauer Herbstopen 2019"]
[Site "Deizisau"]
[Date "2019.10.27"]
[Round "5.3"]
[White "Frolik, Erhard"]
[Black "Valkova, Anzhelika"]
[Result "1-0"]
[ECO "C06"]
[WhiteElo "2317"]
[BlackElo "1947"]
[Annotator "NA RC"]
[PlyCount "83"]
[EventDate "2019.10.25"]
[EventType "swiss"]
[EventCountry "GER"]
[SourceTitle "playchess.com"]
[Source "ChessBase"]
[SourceQuality "1"]
[TimeControl "5400+30"]

1. e4 e6 2. d4 d5 3. Nd2 Nf6 4. e5 Nfd7 5. Bd3 c5 6. c3 Nc6 7. Ne2 cxd4 8. cxd4 f6 9. exf6 Qxf6 10. Nf3 h6 11. O-O Bd6 12. Bd2 O-O 13. Bc3 Rd8 14. Ng3 Nf8 15. Re1 Ng6 16. Nh5 Qf7 17. a3 Rf8 18. Qe2 Nf4 19. Nxf4 Qxf4 20. Bc2 g5 21. Qd3 Qf7 22. Re2 Bd7 23. Rae1 Qg7 24. b4 a6 25. h3 Rf4 26. Bd2 Nxd4 27. Nxd4 Rxd4 28. Qb3 Rc4 29. Bd3 Rc7 30. g3 Rac8 31. Rxe6 Bxe6 32. Rxe6 Qa1+ 33. Kg2 Bf8 34. Qxd5 Kh8 35. Be3 Bg7 36. Qe4 Kg8 37. Re8+ Rxe8 38. Qxe8+ Bf8 39. Qe6+ Kh8 40. Qd5 Rg7 41. Bd4 Qxa3 42. Qf5 1-0

[Event "14. Deizisauer Herbstopen 2019"]
[Site "Deizisau"]
[Date "2019.10.27"]
[Round "5.4"]
[White "Trettin, Ulrich"]
[Black "Hoffmann, Achim Gunter"]
[Result "1/2-1/2"]
[ECO "A77"]
[WhiteElo "2031"]
[BlackElo "2125"]
[Annotator "NA"]
[PlyCount "141"]
[EventDate "2019.10.25"]
[EventType "swiss"]
[EventCountry "GER"]
[SourceTitle "playchess.com"]
[Source "ChessBase"]
[SourceQuality "1"]
[TimeControl "5400+30"]

1. d4 e6 2. c4 c5 3. d5 exd5 4. cxd5 d6 5. Nc3 g6 6. Nf3 Bg7 7. Nd2 Nf6 8. e4 O-O 9. Be2 Re8 10. O-O b6 11. f3 Ba6 12. Bxa6 Nxa6 13. Nc4 Qd7 14. Bf4 Nh5 15. Bg5 f5 16. exf5 b5 17. g4 bxc4 18. gxh5 Qxf5 19. Qd2 Bd4+ 20. Kh1 Nb4 21. Ne4 Rxe4 22. fxe4 Qxe4+ 23. Qg2 Qxg2+ 24. Kxg2 Bxb2 25. Rae1 Be5 26. hxg6 Nxd5 27. gxh7+ Kxh7 28. Re4 Kg6 29. Bc1 Nf6 30. Rxc4 Bd4 31. Ra4 d5 32. Ra6 c4 33. Rd6 Re8 34. Kf3 Be5 35. Ra6 Re7 36. Rc6 c3 37. Re1 Kf5 38. Rxc3 Ne4 39. Rd3 Rh7 40. Rxd5 Rh3+ 41. Kg2 Rxh2+ 42. Kg1 Rxa2 43. Bh6 Ra6 44. Rf1+ Ke6 45. Rxe5+ Kxe5 46. Be3 Rg6+ 47. Kh2 a5 48. Ra1 Ra6 49. Ra4 Kf5 50. Kg2 Nc3 51. Rc4 Nd5 52. Bc1 a4 53. Kf2 a3 54. Bxa3 Rxa3 55. Rc2 Nf6 56. Rc5+ Kf4 57. Rc2 Re3 58. Kg2 Ne4 59. Kh2 Rg3 60. Rg2 Rb3 61. Ra2 Kf3 62. Kg1 Rd3 63. Rb2 Rd1+ 64. Kh2 Nd2 65. Ra2 Nf1+ 66. Kh3 Ne3 67. Kh4 Rd5 68. Ra3 Rb5 69. Rc3 Kf4 70. Ra3 Nf5+ 71. Kh5 1/2-1/2

[Event "14. Deizisauer Herbstopen 2019"]
[Site "Deizisau"]
[Date "2019.10.27"]
[Round "5.5"]
[White "Weissenberger, Mario"]
[Black "Kraft, Julian"]
[Result "1-0"]
[ECO "B00"]
[WhiteElo "2026"]
[BlackElo "2062"]
[Annotator "NA"]
[PlyCount "147"]
[EventDate "2019.10.25"]
[EventType "swiss"]
[EventCountry "GER"]
[SourceTitle "playchess.com"]
[Source "ChessBase"]
[SourceQuality "1"]
[TimeControl "5400+30"]

1. e4 b6 2. d4 Bb7 3. Bd3 e6 4. Nf3 c5 5. c3 Nf6 6. Qe2 d5 7. e5 Nfd7 8. Bg5 Qc8 9. O-O Ba6 10. Nbd2 Bxd3 11. Qxd3 Qa6 12. Qe3 Nc6 13. a3 h6 14. Bh4 g5 15. Bg3 Ne7 16. Rfd1 Nf5 17. Qe1 Be7 18. h3 h5 19. Nf1 Rc8 20. Ne3 Nf8 21. Nxf5 exf5 22. dxc5 Ne6 23. Rxd5 f4 24. Bh2 g4 25. Nd2 gxh3 26. Ne4 hxg2 27. Nd6+ Bxd6 28. exd6 Qf1+ 29. Qxf1 gxf1=Q+ 30. Kxf1 Rxc5 31. Rxc5 bxc5 32. b4 Kd7 33. Rd1 Rc8 34. b5 c4 35. f3 Rc5 36. a4 h4 37. Bg1 Rh5 38. Bxa7 h3 39. Kg1 Ng5 40. b6 Nxf3+ 41. Kf2 Ne5 42. b7 Nc6 43. b8=Q Nxb8 44. Bxb8 h2 45. Rh1 Ra5 46. Rxh2 Rxa4 47. Kf3 Ra3 48. Rc2 Ra1 49. Kxf4 Rd1 50. Ke4 Rd3 51. Rf2 Ke6 52. Rf3 Rd1 53. Kf4 f6 54. Re3+ Kd7 55. Re4 Rf1+ 56. Ke3 Rh1 57. Kd4 f5 58. Rf4 Ra1 59. Rxf5 Ra4 60. Rc5 Ra8 61. Bc7 Rh8 62. Kxc4 Rh1 63. Re5 Kc6 64. Rd5 Rh4+ 65. Rd4 Rh8 66. d7 Kxc7 67. d8=Q+ Rxd8 68. Rxd8 Kxd8 69. Kb5 Kc7 70. Kc5 Kb7 71. Kd6 Kc8 72. c4 Kb7 73. c5 Kc8 74. Kc6 1-0

[Event "14. Deizisauer Herbstopen 2019"]
[Site "Deizisau"]
[Date "2019.10.27"]
[Round "5.6"]
[White "Lehmann, Stefan"]
[Black "Doering, Stefan"]
[Result "1/2-1/2"]
[ECO "B47"]
[WhiteElo "1999"]
[BlackElo "2025"]
[Annotator "NA"]
[PlyCount "74"]
[EventDate "2019.10.25"]
[EventType "swiss"]
[EventCountry "GER"]
[SourceTitle "playchess.com"]
[Source "ChessBase"]
[SourceQuality "1"]
[TimeControl "5400+30"]

1. e4 c5 2. Nc3 Nc6 3. Nf3 e6 4. d4 cxd4 5. Nxd4 Qc7 6. Qd3 a6 7. Nxc6 bxc6 8. Qg3 d6 9. Bc4 Nf6 10. Be3 Qb7 11. Bb3 Be7 12. O-O O-O 13. Rad1 c5 14. Bh6 Ne8 15. Bf4 Bd7 16. Rfe1 Rc8 17. Ba4 Bxa4 18. Nxa4 Qb4 19. Qb3 Qa5 20. c4 Bf6 21. e5 dxe5 22. Bxe5 Bxe5 23. Rxe5 Nf6 24. Nc3 Rfd8 25. Ree1 Rd4 26. Ne2 Rd2 27. Nc3 Rd4 28. Ne2 Rd2 29. Nc3 Rcd8 30. Rxd2 Rxd2 31. Rd1 Rxd1+ 32. Qxd1 h6 33. f3 Qb6 34. b3 Qc7 35. Qd2 Qe5 36. g3 Qf5 37. Kg2 Kh7 1/2-1/2

[Event "14. Deizisauer Herbstopen 2019"]
[Site "Deizisau"]
[Date "2019.10.27"]
[Round "5.7"]
[White "Marquardt, Alexander"]
[Black "Engbrecht, Helmut"]
[Result "1/2-1/2"]
[ECO "A10"]
[WhiteElo "2125"]
[BlackElo "1978"]
[Annotator "NA"]
[PlyCount "48"]
[EventDate "2019.10.25"]
[EventType "swiss"]
[EventCountry "GER"]
[SourceTitle "playchess.com"]
[Source "ChessBase"]
[SourceQuality "1"]
[TimeControl "5400+30"]

1. c4 Nc6 2. g3 d5 3. cxd5 Qxd5 4. Nf3 Bg4 5. Bg2 e5 6. Nc3 Qd7 7. h3 Bh5 8. g4 Bg6 9. Nh4 Be7 10. Nxg6 hxg6 11. d3 f5 12. g5 Bc5 13. a3 Nge7 14. Bd2 Bb6 15. Qa4 Qd4 16. O-O O-O-O 17. Rad1 Qxa4 18. Nxa4 Nd4 19. Nxb6+ axb6 20. Rfe1 Nc2 21. Rf1 Nd4 22. Rfe1 Nc2 23. Rf1 Nd4 24. Rfe1 Nc2 1/2-1/2